 Dungeon Crawl Stone Soup version 0.23.2-33-g5129a83184 (webtiles) character file.

Game seed: 8200118073557015672

41228 Fairytaker the Destroyer (level 13, -1/94 HPs)
             Began as a Mummy Fire Elementalist on Aug 5, 2019.
             Was an Elder of Vehumet.
             Hit by a javelin of returning thrown by a minotaur (28 damage)
             ... in a Gauntlet.
             The game lasted 01:39:25 (24770 turns).

Fairytaker the Destroyer (Mummy Fire Elementalist) Turns: 24770, Time: 01:39:26

Health: -1/94      AC: 14    Str: 14    XL:     13   Next: 78%
Magic:  10/28      EV: 13    Int: 19    God:    Vehumet [****..]
Gold:   301        SH:  0    Dex: 13    Spells: 1/35 levels left

rFire    + . .     SeeInvis .   h - staff of conjuration
rCold    + . .     Gourm    .   (no shield)
rNeg     + + +     Faith    .   y - +2 robe {rF+}
rPois    ∞         Spirit   .   B - +0 helmet
rElec    .         Reflect  .   s - +0 cloak
rCorr    .         Harm     .   b - +0 pair of gloves {Str+3}
MR       +....     NoTele   +   e - +0 pair of boots
Stlth    ++........             u - amulet of regeneration
HPRegen  0.65/turn              g - ring of protection from fire
MPRegen  0.21/turn              k - +6 ring of protection

@: studying Shields
A: no food or potions, fire vulnerability, cold resistance 1, negative energy
resistance 3, torment resistance, unbreathing, in touch with death 1
a: Renounce Religion


You were in a Gauntlet.
You worshipped Vehumet.
Vehumet was greatly pleased with you.
You were not hungry.

You visited 3 branches of the dungeon, and saw 18 of its levels.
You also visited: Gauntlet.

You collected 1023 gold pieces.
You spent 722 gold pieces at shops.

Inventory:

Hand Weapons
 q - the +1 morningstar "Xokoti" {pain, SInv}
   (You bought it in a shop on level 9 of the Dungeon)

   In the hands of one skilled in necromantic magic, it inflicts extra damage on
   living creatures.
   It lets you see invisible.
 w - a +4 long sword of protection
Missiles
 d - 19 tomahawks (quivered)
 l - 5 poisoned tomahawks
 A - 6 tomahawks of returning
 I - 8 javelins
 J - 8 silver javelins
Armour
 b - a +0 pair of gloves of strength (worn)
 e - a +0 pair of boots (worn)
 s - a +0 cloak (worn)
 y - a +2 robe of fire resistance (worn)
 B - a +0 helmet (worn)
 H - a +0 troll leather armour
Magical Staves
 h - an uncursed staff of conjuration (weapon)
 D - an uncursed staff of fire
Jewellery
 g - a ring of protection from fire (left hand)
 k - a +6 ring of protection (right hand)
 r - the ring of Ysuckan {rPois Dex+4, unknown}
   (You found it in a Gauntlet)

   [ring of dexterity]

   It affects your dexterity (+4).
   It protects you from poison.
 u - an amulet of regeneration (around neck)
Wands
 a - a wand of digging (8)
 G - a wand of acid (18)
 N - a wand of clouds (3)
 O - a wand of disintegration (14)
Scrolls
 c - 2 scrolls of identify
 f - 2 scrolls of blinking
 i - 4 scrolls of enchant armour
 j - 3 scrolls of immolation
 m - 8 scrolls of remove curse
 n - 4 scrolls of amnesia
 o - 4 scrolls of magic mapping
 p - a scroll of fog {unknown}
 v - a scroll of vulnerability
 x - 2 scrolls of fear
 K - a scroll of summoning {unknown}
 P - a scroll of random uselessness {unknown}
Books
 F - a manual of Shields


   Skills:
 - Level 6.5 Fighting
 + Level 2.7 Dodging
 - Level 1.5 Stealth
 + Level 11.7 Spellcasting
 * Level 11.8 Conjurations
 - Level 4.0 Translocations
 + Level 11.5 Fire Magic
 * Level 3.0 Ice Magic
 - Level 3.6 Earth Magic
 + Level 1.6 Evocations


You had one spell level left.
You knew the following spells:

 Your Spells              Type           Power        Failure   Level  Hunger
a - Flame Tongue          Conj/Fire      #####        1%          1    N/A
b - Sticky Flame          Conj/Fire      ######..     1%          4    N/A
c - Fireball              Conj/Fire      ######....   1%          5    N/A
d - Force Lance           Conj/Tloc      ######..     1%          4    N/A
e - Blink                 Tloc           N/A          1%          2    N/A
f - Mephitic Cloud        Conj/Pois/Air  #####...     1%          3    N/A
g - Bolt of Magma         Conj/Fire/Erth ######....   1%          5    N/A
h - Throw Icicle          Conj/Ice       ######..     1%          4    N/A
i - Bolt of Fire          Conj/Fire      ######....   2%          6    N/A

Your spell library contained the following spells:

 Spells                   Type           Power        Failure   Level  Hunger
 Lee's Rapid Deconstruct  Erth           ####......   11%         5    N/A
 Apportation              Tloc           ####..       1%          1    N/A
 Magic Dart               Conj           ####         1%          1    N/A
 Animate Skeleton         Necr           N/A          6%          1    N/A
 Confusing Touch          Hex            ##....       6%          1    N/A
 Corona                   Hex            ##.....      6%          1    N/A
 Summon Small Mammal      Summ           ##..         6%          1    N/A
 Searing Ray              Conj           ######       1%          2    N/A
 Throw Flame              Conj/Fire      ######       1%          2    N/A
 Conjure Flame            Conj/Fire      ######..     1%          3    N/A
 Dazzling Spray           Conj/Hex       ######       1%          3    N/A
 Ignite Poison            Fire/Tmut/Pois ####....     1%          3    N/A
 Inner Flame              Hex/Fire       ####....     1%          3    N/A
 Fulminant Prism          Conj/Hex       ######....   1%          4    N/A
 Iskenderun's Mystic Bla  Conj           ######..     1%          4    N/A
 Gell's Gravitas          Tloc           ####......   3%          3    N/A
 Lesser Beckoning         Tloc           ####......   3%          3    N/A
 Teleport Other           Tloc           ####....     3%          3    N/A
 Shroud of Golubria       Chrm/Tloc      ###.......   4%          2    N/A
 Irradiate                Conj/Tmut      ######....   4%          5    N/A
 Portal Projectile        Hex/Tloc       ###...       9%          3    N/A
 Call Imp                 Summ           ##......     10%         2    N/A
 Poisonous Vapours        Pois/Air       ##....       10%         2    N/A
 Slow                     Hex            ##......     10%         2    N/A
 Sticks to Snakes         Tmut           ##......     10%         2    N/A
 Passage of Golubria      Tloc           N/A          12%         4    N/A
 Leda's Liquefaction      Hex/Erth       ###.......   28%         4    N/A
 Petrify                  Tmut/Erth      ###.....     28%         4    N/A
 Freezing Cloud           Conj/Ice/Air   #####.....   30%         6    N/A
 Cause Fear               Hex            ##........   52%         4    N/A
 Alistair's Intoxication  Tmut/Pois      ##......     86%         5    N/A
 Ring of Flames           Chrm/Fire      ####......   99%         7    N/A
 Dragon's Call            Summ           ##........   100%        9    N/A
 Beastly Appendage        Tmut           Unusable     N/A         1    N/A
 Sublimation of Blood     Necr           Unusable     N/A         2    N/A
 Spider Form              Tmut/Pois      Unusable     N/A         3    N/A
 Ice Form                 Ice/Tmut       Unusable     N/A         4    N/A
 Blade Hands              Tmut           Unusable     N/A         5    N/A
 Dragon Form              Tmut           Unusable     N/A         7    N/A

Dungeon Overview and Level Annotations

Branches:
Dungeon (14/15)            Temple (1/1) D:6            Lair (3/6) D:9
  Snake (0/4) Lair:2          Orc (0/2) D:10         Vaults (0/5) D:14
  Swamp: Lair:2-4    Shoals: Lair:2-4

Altars:
Ashenzari
Cheibriados
Dithmenos
Elyvilon
Fedhas
Gozag
Hepliaklqana
Kikubaaqudgha
Makhleb
Nemelex Xobeh
Okawaru
Qazlal
Ru
Sif Muna
Trog
Uskayaw
Vehumet
Wu Jian
Xom
Yredelemnul
Zin
The Shining One

Shops:
D:9 !((**

Annotations:
D:12 1 transporter, Snorg
D:13 1 runed translucent door Gauntlet 10 transporters, exclusion: ice statue


Innate Abilities, Weirdness & Mutations

You do not eat or drink.
Your flesh is vulnerable to fire.
You are immune to poison.
Your flesh is cold resistant. (rC+)
You are immune to negative energy. (rN+++)
You are immune to unholy pain and torment.
You can survive without breathing.
You are in touch with the powers of death.


Message History

The stinking cloud engulfs the minotaur but does no damage.
The minotaur is lightly wounded.
The minotaur is engulfed in noxious fumes.
The minotaur is engulfed in noxious fumes.
The minotaur throws a javelin of returning.
The javelin of returning hits you!!
* * * LOW HITPOINT WARNING * * *
The weapon returns to the minotaur!
Casting: Mephitic Cloud (safe; 1% risk of failure)
Confirm with . or Enter, or press ? or * to list all spells.
You blink.
The minotaur is engulfed in noxious fumes.
Casting: Blink (safe; 1% risk of failure)
Confirm with . or Enter, or press ? or * to list all spells.
You blink.
The minotaur is engulfed in noxious fumes.
The minotaur appears confused.
The minotaur throws a javelin of returning.
The javelin of returning hits you!!
You die...

###.##.#.###.##.#
###.##.#'###.##.#
#.......(.......#
#.##.##.##.##.###
#.##.##.##.##.###
#...............
##.##.##.##.##.#
###.##.##H##.##.###
#≈§...........@..§#
#8§8.8.8.8.8.8.8.8# ##
#≈...............§# #8
######.#########.##########
.....#.#..≈∩§§.#.#.......≈#
.....#©#....§§.#©#........###
##########...###########..#8#
...#.†...#...#..#......#..###
..#..##^.#...#...#.....#....#


You could see a minotaur.

Vanquished Creatures
  2 hydras (Lair:1)
  5 two-headed ogres
  3 death yaks
  2 centaur warriors (D:13)
  2 unseen horrors
  A death drake (Gauntlet)
  A spectral wolf spider (Gauntlet)
  A wizard (D:8)
  2 ugly things
  An orc sorcerer (D:8)
  2 manticores (D:12)
  2 spectral centaurs (Gauntlet)
  An ice statue (Gauntlet)
  4 black mambas
  3 spiny frogs (Lair:1)
  2 gargoyles
  2 rime drakes (Gauntlet)
  A spectral redback (Gauntlet)
  2 kobold demonologists
  4 komodo dragons
  A polar bear (Lair:2)
  4 trolls
  Grinder (D:3)
  A slime creature (D:12)
  5 hippogriffs
  3 vampires
  A ynoxinul (Gauntlet)
  A shadow (D:13)
  3 wraiths
  A human (shapeshifter) (D:13)
  2 basilisks
  5 wyverns
  30 yaks
  Grum (D:11)
  A steam dragon (D:11)
  8 vampire mosquitoes
  An acid dragon (D:14)
  6 porcupines
  12 water moccasins
  4 sky beasts
  12 orc warriors
  A black bear (D:9)
  5 ice beasts
  2 necrophages
  2 phantoms
  An eye of draining (D:11)
  10 ogres
  18 centaurs
  4 wolves (D:11)
  7 crocodiles
  14 big kobolds
  9 bullfrogs
  3 scorpions
  20 killer bees
  5 wights (D:6)
  An electric eel (Lair:2)
  3 howler monkeys
  8 crimson imps
  A lava snake (D:12)
  3 jellies
  3 bullfrog skeletons
  8 hounds
  11 orc priests
  3 iron imps (Gauntlet)
  3 centaur skeletons
  2 iguanas
  Terence (D:2)
  Ijyb (D:5)
  18 orc wizards
  6 worker ants
  A howler monkey zombie (D:6)
  A worker ant zombie (D:11)
  6 gnolls
  17 adders
  7 shadow imps
  An ooze (D:2)
  An adder skeleton (D:6)
  7 worms
  7 leopard geckos
  63 orcs
  2 ball pythons (Lair:2)
  3 giant cockroaches
  7 goblins
  7 hobgoblins
  9 jackals
  17 kobolds
  5 quokkas
  4 bats
  5 frilled lizards
  9 rats
  A bush (Lair:2)
  A fire vortex (D:12)
  A fungus (Lair:2)
  A plant (Lair:2)
502 creatures vanquished.

Vanquished Creatures (others)
  4 demonic plants (Gauntlet)
  3 fungi
  4 plants (Lair:2)
11 creatures vanquished.

Grand Total: 513 creatures vanquished

Notes
Turn   | Place    | Note
-------+----------+-------------------------------------------
     0 | D:1      | Fairytaker the Mummy Fire Elementalist began the quest for
                  | the Orb.
     0 | D:1      | Reached XP level 1. HP: 13/13 MP: 4/4
    79 | D:1      | Reached skill level 1 in Conjurations
   356 | D:1      | Reached XP level 2. HP: 19/19 MP: 2/5
  1017 | D:2      | Reached XP level 3. HP: 24/24 MP: 7/7
  1346 | D:2      | Found a faded altar of an unknown god.
  1763 | D:2      | Reached XP level 4. HP: 26/30 MP: 3/8
  2455 | D:2      | Learned a level 4 spell: Sticky Flame
  2569 | D:3      | Found a radiant altar of Vehumet.
  2577 | D:3      | Became a worshipper of Vehumet
  2595 | D:3      | Noticed Terence
  2713 | D:2      | Killed Terence
  2713 | D:2      | Reached XP level 5. HP: 35/35 MP: 5/10
  2954 | D:3      | Noticed an orc warrior
  3053 | D:3      | Noticed Grinder
  3073 | D:3      | Killed Grinder
  3073 | D:3      | Reached XP level 6. HP: 28/41 MP: 2/12
  3175 | D:3      | Learned a level 5 spell: Fireball
  3892 | D:4      | Reached XP level 7. HP: 46/46 MP: 9/13
  3966 | D:4      | Reached * piety under Vehumet
  3966 | D:4      | Offered knowledge of Shock by Vehumet.
  4091 | D:4      | Found a blossoming altar of Fedhas.
  4409 | D:5      | Entered Level 5 of the Dungeon
  4677 | D:5      | Noticed a moth of wrath
  4680 | D:5      | Found a bloodstained altar of Trog.
  4892 | D:5      | Noticed Ijyb
  4900 | D:5      | Killed Ijyb
  4900 | D:5      | Reached skill level 5 in Spellcasting
  4908 | D:5      | Reached skill level 5 in Conjurations
  4908 | D:5      | Reached skill level 5 in Fire Magic
  4996 | D:5      | Noticed an angel
  4997 | D:5      | Found a shimmering altar of Xom.
  4997 | D:5      | Found a glowing silver altar of Zin.
  5337 | D:5      | Reached XP level 8. HP: 52/52 MP: 4/16
  5419 | D:5      | Learned a level 4 spell: Force Lance
  5984 | D:6      | Offered knowledge of Throw Frost by Vehumet.
  6077 | D:6      | Found a staircase to the Ecumenical Temple.
  6101 | Temple   | Entered the Ecumenical Temple
  6472 | D:6      | Reached ** piety under Vehumet
  6723 | D:6      | Found a shadowy altar of Dithmenos.
  7021 | D:6      | Found a snail-covered altar of Cheibriados.
  7067 | D:6      | Noticed a two-headed ogre
  7117 | D:6      | Killed a two-headed ogre
  7117 | D:6      | Reached XP level 9. HP: 29/57 MP: 6/19
  7681 | D:7      | Offered knowledge of Ignite Poison by Vehumet.
  8433 | D:7      | Reached *** piety under Vehumet
  8977 | D:8      | Found a basalt altar of Yredelemnul.
  8977 | D:8      | Found a sacrificial altar of Ru.
  8982 | D:8      | Found a sparkling altar of Nemelex Xobeh.
  8985 | D:8      | Found a white marble altar of Elyvilon.
  8985 | D:8      | Found an ornate altar of the Wu Jian Council.
  8985 | D:8      | Found a blossoming altar of Fedhas.
  9015 | D:8      | Noticed a wizard
  9015 | D:8      | Noticed an orc sorcerer
  9017 | D:8      | Killed an orc sorcerer
  9017 | D:8      | Reached XP level 10. HP: 63/63 MP: 14/22
  9017 | D:8      | Killed a wizard
  9374 | D:8      | Offered knowledge of Olgreb's Toxic Radiance by Vehumet.
  9724 | D:8      | Reached skill level 1 in Fighting
  9763 | D:8      | Reached skill level 1 in Translocations
 10027 | D:8      | Learned a level 2 spell: Blink
 10031 | D:8      | Learned a level 3 spell: Mephitic Cloud
 10484 | D:9      | Found Looko's Antique Weapon Shoppe.
 10495 | D:9      | Noticed a death yak
 10553 | D:8      | Killed a death yak
 10553 | D:8      | Reached **** piety under Vehumet
 10867 | D:9      | Found Jifui's Assorted Antiques.
 10911 | D:9      | Bought a scroll labeled GASTYM BIJINOM for 26 gold pieces
 10911 | D:9      | Bought an emerald ring for 130 gold pieces
 10911 | D:9      | Bought a scroll labeled JAHAGR GIOROS for 26 gold pieces
 10935 | D:9      | Noticed a death yak
 10971 | D:9      | Noticed a death yak
 10990 | D:8      | Offered knowledge of Bolt of Magma by Vehumet.
 10997 | D:8      | Learned a level 5 spell: Bolt of Magma
 11145 | D:9      | Found Rauteof's Weapon Boutique.
 11149 | D:9      | Reached XP level 11. HP: 74/74 MP: 15/24
 11301 | D:9      | Killed a death yak
 11861 | D:9      | Found Fuveb's Assorted Antiques.
 11864 | D:9      | Bought a scroll labeled ACZECW LYAN for 32 gold pieces
 11864 | D:9      | Bought an emerald ring for 160 gold pieces
 11928 | D:9      | Found a staircase to the Lair.
 11936 | D:9      | Found Jiehuf's Distillery.
 12378 | D:9      | Killed a death yak
 12535 | D:10     | Entered Level 10 of the Dungeon
 12892 | D:10     | Noticed an unseen horror
 12894 | D:10     | Killed an unseen horror
 13729 | D:10     | Found a staircase to the Orcish Mines.
 14040 | D:9      | Bought the cursed +1 morningstar "Xokoti" {pain, SInv} for
                  | 348 gold pieces
 14406 | D:11     | Noticed a two-headed ogre
 14414 | D:11     | Killed a two-headed ogre
 14565 | D:11     | Noticed Grum
 14566 | D:11     | Reached skill level 10 in Conjurations
 14569 | D:11     | Reached skill level 10 in Spellcasting
 14569 | D:11     | Killed Grum
 14723 | D:11     | Reached ***** piety under Vehumet
 14726 | D:11     | Offered knowledge of Iskenderun's Battlesphere by Vehumet.
 14764 | D:11     | Reached skill level 10 in Fire Magic
 14927 | D:11     | You fall through a shaft for 3 floors!
 14950 | D:14     | Noticed an unseen horror
 14953 | D:14     | Killed an unseen horror
 15049 | D:14     | Found a gate to the Vaults.
 15049 | D:14     | Noticed a vault guard
 15049 | D:14     | Noticed a vault guard
 15049 | D:14     | Noticed a purple ugly thing
 15049 | D:14     | Noticed a vault guard
 15049 | D:14     | Noticed a vault guard
 15068 | D:14     | Noticed a death drake
 15068 | D:14     | a salamander changed into a death drake
 15070 | D:14     | Noticed a deep troll
 15070 | D:14     | a death drake changed into a deep troll
 15108 | D:14     | Noticed a centaur warrior
 15112 | D:14     | Reached XP level 12. HP: 38/84 MP: 16/26
 16099 | D:13     | Reached skill level 5 in Fighting
 16099 | D:13     | Reached skill level 1 in Earth Magic
 16210 | D:13     | Found a runed translucent door.
 16792 | D:13     | Noticed a two-headed ogre
 16800 | D:13     | Killed a two-headed ogre
 16870 | D:13     | Noticed a centaur warrior
 16883 | D:13     | Killed a centaur warrior
 17001 | D:13     | Noticed a centaur warrior
 17010 | D:13     | Killed a centaur warrior
 17493 | D:11     | Offered knowledge of Throw Icicle by Vehumet.
 19466 | D:12     | Gained mutation: You are in touch with the powers of death.
                  | [Mummy growth]
 19466 | D:12     | Reached XP level 13. HP: 93/93 MP: 13/28
 19685 | D:12     | Found a transporter.
 20477 | D:12     | Noticed Snorg
 20572 | Lair:1   | Entered Level 1 of the Lair of Beasts
 21445 | Lair:1   | Learned a level 4 spell: Throw Icicle
 21706 | Lair:1   | Reached skill level 1 in Ice Magic
 22055 | Lair:2   | Offered knowledge of Lee's Rapid Deconstruction by Vehumet.
 22228 | Lair:2   | Found a sacrificial altar of Ru.
 22663 | Lair:2   | Found a staircase to the Snake Pit.
 23211 | Lair:2   | Reached skill level 1 in Evocations
 23772 | Lair:3   | Found a gate leading to a gauntlet.
 23781 | Gauntlet | Entered a Gauntlet
 23781 | Gauntlet | Found a transporter.
 23781 | Gauntlet | Found a transporter.
 23785 | Gauntlet | Found a transporter.
 23787 | Gauntlet | Found a transporter.
 23795 | Gauntlet | Found a transporter.
 23802 | Gauntlet | Noticed a death ooze
 23805 | Gauntlet | Found a transporter.
 23805 | Gauntlet | Found a transporter.
 23829 | Gauntlet | Found a transporter.
 23836 | Gauntlet | Found a transporter.
 23848 | Gauntlet | Found a transporter.
 23866 | Gauntlet | Found a transporter.
 23888 | Gauntlet | Found a transporter.
 23934 | Gauntlet | Found a transporter.
 23952 | Gauntlet | Found a transporter.
 24053 | Gauntlet | Found a transporter.
 24078 | Gauntlet | Found a transporter.
 24590 | Gauntlet | Got a scorched tin ring
 24598 | Gauntlet | Learned a level 6 spell: Bolt of Fire
 24754 | Gauntlet | Noticed a minotaur
 24770 | Gauntlet | Hit by a javelin of returning thrown by a minotaur

Skill      XL: |  1  2  3  4  5  6  7  8  9 10 11 12 13 |
---------------+----------------------------------------+-----
Conjurations   | 1 2 3 4 5 6 8 9 10 11 | 11.8
Spellcasting   | 3 4 5 7 8 9 10 11 | 11.7
Fire Magic     | 3 4 5 6 8 9 10 11 | 11.5
Fighting       | 2 4 6 |  6.5
Translocations | 2 3 4 |  4.0
Earth Magic    | 3 |  3.6
Ice Magic      | 3 |  3.0
Dodging        | 2 |  2.7
Evocations     | 1 |  1.6
Stealth        | |  1.5

Action                   |  1- 3 |  4- 6 |  7- 9 | 10-12 | 13-15 || total
-------------------------+-------+-------+-------+-------+-------++-------
Melee: Whip              |       |     5 |       |       |       ||     5
       Falchion          |       |       |    43 |       |       ||    43
       Long sword        |       |       |    32 |    68 |    34 ||   134
       Staff             |       |       |       |     5 |       ||     5
Throw: Stone             |     1 |     4 |    36 |     5 |       ||    46
       Tomahawk          |     5 |     6 |       |       |       ||    11
 Cast: Flame Tongue      |    58 |    79 |   188 |    96 |     8 ||   429
       Sticky Flame      |       |     4 |    31 |    55 |    12 ||   102
       Fireball          |       |       |    13 |   157 |    82 ||   252
       Force Lance       |       |       |       |    12 |     1 ||    13
       Bolt of Magma     |       |       |       |    62 |    46 ||   108
       Mephitic Cloud    |       |       |       |     2 |     7 ||     9
       Throw Icicle      |       |       |       |       |     5 ||     5
       Blink             |       |       |       |       |     2 ||     2
Evoke: Wand              |       |       |       |     1 |       ||     1
  Use: Scroll            |       |       |       |    13 |     9 ||    22
 Stab: Sleeping          |       |       |     1 |       |       ||     1
Armor: Robe              |     5 |    13 |    56 |   109 |    52 ||   235
Dodge: Dodged            |    16 |    25 |    89 |   112 |    67 ||   309
       Rpst.: Falchion   |       |     3 |    13 |       |       ||    16
       Long sword        |       |       |     8 |    11 |     7 ||    26
